 Dungeon Crawl Stone Soup version 0.23.2-1-ga50397a (webtiles) character file.

Game seed: 9257227047329515983

23 cab the Digger (level 3, 0/20 HPs)
             Began as a Gargoyle Earth Elementalist on May 27, 2019.
             Slain by a hound skeleton (3 damage)
             ... on level 2 of the Dungeon.
             The game lasted 00:03:51 (1644 turns).

cab the Digger (Gargoyle Earth Elementalist)        Turns: 1644, Time: 00:03:52

Health: 0/20       AC:  5    Str: 11    XL:     3   Next: 0%
Magic:  2/6        EV: 12    Int: 16    God:
Gold:   94         SH:  0    Dex: 10    Spells: 5/6 levels left

rFire    . . .     SeeInvis .   g - +0 mace
rCold    . . .     Gourm    .   (no shield)
rNeg     + . .     Faith    .   c - +0 robe
rPois    ∞         Spirit   .   (no helmet)
rElec    +         Reflect  .   (no cloak)
rCorr    .         Harm     .   (no gloves)
MR       .....                  (no boots)
Stlth    +.........             (no amulet)
HPRegen  0.06/turn              (no ring)
MPRegen  0.10/turn              (no ring)

@: confused
A: negative energy resistance 1, electricity resistance, unbreathing,
petrification resistance, rot immunity, AC +3
a: no special abilities


You were on level 2 of the Dungeon.
You were very hungry.

You visited 1 branch of the dungeon, and saw 2 of its levels.

You collected 94 gold pieces.

Inventory:

Hand Weapons
 a - a +0 short sword
 g - a +0 mace (weapon)
Missiles
 b - 59 stones (quivered)
Armour
 c - a +0 robe (worn)
 i - a +0 leather armour
Scrolls
 f - a scroll of fog {unknown}
 h - 2 scrolls of teleportation {unknown}
Potions
 e - a potion of might {unknown}
Comestibles
 d - 2 rations


   Skills:
 + Level 0.9 Fighting
 + Level 0.4 Maces & Flails
 - Level 1.5 Dodging
 - Level 2.1 Stealth
 + Level 2.2 Spellcasting
   Level 0.7 Transmutations
 + Level 4.4 Earth Magic


You had 5 spell levels left.
You knew the following spells:

 Your Spells              Type           Power        Failure   Level  Hunger
a - Sandblast             Erth           ###...       3%          1    #......

Your spell library contained the following spells:

 Spells                   Type           Power        Failure   Level  Hunger
 Passwall                 Tmut/Erth      #.......     11%         2    ###....
 Stone Arrow              Conj/Erth      #.....       24%         3    ###....
 Petrify                  Tmut/Erth      #.......     56%         4    #####..
 Lee's Rapid Deconstruct  Erth           ###.......   67%         5    ######.


Dungeon Overview and Level Annotations

Branches:
Dungeon (2/15)

Altars:

Annotations:
D:2 Sigmund


Innate Abilities, Weirdness & Mutations

You are resistant to torment.
Your stone body is resilient. (AC +3)
You are immune to poison.
You resist negative energy. (rN+)
You are resistant to electric shocks. (rElec)
You can survive without breathing.
You are immune to petrification.
You are immune to rotting.


Message History

Confirm with . or Enter, or press ? or * to list all spells.
Aiming: Sandblast (safe; 3% risk of failure)
Press: ? - help, Shift-Dir - straight line, f/p - dart slug
Aim: a dart slug (almost dead, clinging)
The blast of sand hits the dart slug.
You kill the dart slug!
You have reached level 3!
Your experience leads to an increase in your attributes!
Increase (S)trength, (I)ntelligence, or (D)exterity?
You feel clever.
b - 59 stones Something hits you but does no damage.
A hound skeleton comes into view.
Found 5 gold pieces.
You start resting.
You hear some strange, mumbled words.
You are confused.
You bump into the rock wall.
Something hits you but does no damage. The hound skeleton bites you.
You die...

..# ########.###Z#
#<.......#?...
#.########.#.#
##....#####.#.#####
..........#.#.#...#
###...###.#.....#.#
##### #.#...#.Z.#
#### #.#(####@##
#[.. #.#.# #.#
##...####.#.# #.#
......[.....# #.#
.......##.######.##
..(...=##..........
##...###########.##
#... #.# ####


You could see a hound skeleton.

Vanquished Creatures
  A dart slug (D:2)
  A leopard gecko (D:1)
  2 bats (D:1)
  2 goblins (D:1)
  2 hobgoblins (D:1)
  2 jackals (D:1)
  3 kobolds (D:1)
  2 frilled lizards (D:1)
  4 rats
19 creatures vanquished.

Notes
Turn   | Place    | Note
-------+----------+-------------------------------------------
     0 | D:1      | cab the Gargoyle Earth Elementalist began the quest for the
                  | Orb.
     0 | D:1      | Reached XP level 1. HP: 10/10 MP: 3/3
   376 | D:1      | Reached skill level 4 in Earth Magic
   458 | D:1      | Reached XP level 2. HP: 16/16 MP: 1/5
  1608 | D:2      | Noticed Sigmund
  1635 | D:2      | Reached XP level 3. HP: 3/20 MP: 1/6
  1644 | D:2      | Slain by a hound skeleton

Skill      XL: |  1 |
---------------+----+-----
Earth Magic    | 4 |  4.4
Fighting       | |  0.9
Maces & Flails | |  0.4
Dodging        | |  1.5
Stealth        | |  2.1
Spellcasting   | |  2.2
Transmutations | |  0.7

Action                   || total
-------------------------++-------
Melee: Short sword       ||    19
       Mace              ||    31
 Cast: Sandblast         ||    13
  Eat: Chunk             ||     1
Armor: Robe              ||    13
Dodge: Dodged            ||    48
